 Dungeon Crawl Stone Soup version 0.31-a0-986-g5e6e4ef867 (webtiles) character file.

Game seed: 17705352168414453166

662 Maxmaps the Changeling (level 7, -3/47 HPs)
             Began as an Octopode Shapeshifter on Nov 6, 2023.
             Was an Initiate of Gozag.
             Splashed by a jelly's acid (9 damage)
             ... on level 5 of the Dungeon.
             The game lasted 00:05:29 (3656 turns).

Maxmaps the Changeling (Octopode Shapeshifter)      Turns: 3656, Time: 00:05:31

Health: -3/47      AC: -11   Str: 13    XL:     7   Next: 56%
Magic:  0/7        EV: 13    Int: 15    God:    Gozag
Gold:   175        SH:  0    Dex: 11    Spells: 6/6 levels left

rFire   . .          .
                       - Unarmed
rCold   . . .        (no shield)
rNeg    . . .        (helmet currently unavailable)
rPois   .            f - amulet of guardian spirit
rElec   .            (no ring)
rCorr   .            (no ring)
SInv    .            (no ring)
Will    .....        (no ring)
Stlth   ++           (no ring)
HPRegen 0.27/turn    (no ring)
MPRegen 0.10/turn    (no ring)
                     (no ring)

%: guardian spirit
@: beast-form, corroded
A: beast (slay +4), almost no armour, amphibious, 8 rings, camouflage 1,
gelatinous body 1, (nimble swimmer 1), tentacles
a: Begin Untransformation, Renounce Religion, Potion Petition, Call Merchant,
Bribe Branch


You were on level 5 of the Dungeon.
You worshipped Gozag.
Gozag was aware of your devotion.
You were a hulking beast.
You visited 2 branches of the dungeon, and saw 6 of its levels.

You collected 260 gold pieces.
You paid 85 gold pieces to Gozag.

Inventory:

Jewellery
 f - an amulet of guardian spirit (around mantle)
Talismans
 b - a beast talisman
 c - a flux talisman
 j - a granite talisman
 k - a maw talisman
Wands
 a - a wand of polymorph (8)
Scrolls
 d - a scroll of identify
 e - 3 scrolls of teleportation
Potions
 l - a potion of enlightenment
 m - a potion of degeneration


   Skills:
 + Level 3.9 Fighting
 - Level 2.0 Dodging
 - Level 3.0 Unarmed Combat
 - Level 7.1 Shapeshifting


You had 6 spell levels left.
You didn't know any spells.
Your spell library contained the following spells:

 Spells                   Type           Power      Damage    Failure   Level
 Apportation              Tloc           0%         N/A       26%         1
 Jinxbite                 Hex            0%         N/A       38%         2
 Ozocubu's Armour         Ice            0%         N/A       63%         3
 Manifold Assault         Tloc           0%         N/A       95%         4
 Alistair's Intoxication  Tmut/Pois      0%         N/A       100%        5
 Dispersal                Tloc           0%         N/A       100%        6
 Ozocubu's Refrigeration  Ice            0%         4d7       100%        7
 Disjunction              Tloc           0%         N/A       100%        8


Dungeon Overview and Level Annotations

Branches:
Dungeon (5/15)             Temple (1/1) D:5

Altars:
Ashenzari
Cheibriados
Elyvilon
Fedhas
Gozag
Hepliaklqana
Kikubaaqudgha
Makhleb
Nemelex Xobeh
Qazlal
Ru
Uskayaw
Vehumet
Wu Jian
Xom
Yredelemnul
Zin
The Shining One


Innate Abilities, Weirdness & Mutations

You are a hulking beast.
Your limbs bulge with bestial killing power. (Slay +4)
You cannot wear most types of armour.
You are amphibious.
You can wear up to eight rings at the same time.
Your skin changes colour to match your surroundings (Stealth+).
Your rubbery body absorbs attacks. (AC +1, EV +1)
((You are camouflaged when in or above water. (Stealth+)))
You have tentacles for arms and can constrict up to eight enemies at once.


Message History

You now have 175 gold pieces (gained 15).
You start putting on your amulet.
You continue putting on your amulet of guardian spirit. x5
You finish putting on your amulet of guardian spirit.
You feel your power drawn to a protective spirit.
f - an amulet of guardian spirit (around mantle)
A sleepcap comes into view.
Found 16 gold pieces.
A jelly comes into view.
The helpless jelly fails to defend itself.
You bludgeon the jelly! The acid corrodes you!
Your tentacles burn!
The jelly is heavily wounded.
The jelly completely misses you.
You tentacle-slap the jelly.
Your tentacles burn!
You squeeze the jelly.
The jelly is almost dead.
The jelly misses you. The sleepcap releases spores at you.
You are engulfed in a cloud of soporific spores!
You fall asleep.
The jelly hits you!
You wake up.
The acid corrodes you!
You are splashed with acid!
The sleepcap misses you.
You are too injured to fight recklessly!
You are too injured to fight recklessly!
You tentacle-slap the jelly but do no damage.
The acid corrodes you!
Your tentacles burn!
The jelly is almost dead.
The jelly hits you. The acid corrodes you!
You are splashed with acid!
* * * LOW HITPOINT WARNING * * *
The sleepcap releases spores at you.
* * * LOW HITPOINT WARNING * * *
You are engulfed in a cloud of soporific spores!
You are unaffected.
You tentacle-slap the jelly but do no damage.
The acid corrodes you!
Your tentacles burn!
* * * LOW HITPOINT WARNING * * *
The jelly is almost dead.
The jelly hits you.
* * * LOW HITPOINT WARNING * * *
You are splashed with acid!
You die...
Your body crumbles into a pile of gold.

##..# #.... #...#
#.$.# # #...# <#
#...####### >#
#..fJ.....# ..#
#..h# #.#######..#
#...#####..........#
#.................#
#....##########.####
#....# #.# #....#
#.# #.##.# #.# #.
#.# #.# #. #.# #.#.#


You could see a sleepcap and a jelly.

Vanquished Creatures
  Edmund (D:4)
  Duvessa (D:4)
  2 phantoms
  Dowan (D:4)
  A crimson imp (D:5)
  2 hounds
  An orc priest (D:5)
  An orc wizard (D:5)
  2 adders
  2 worms
  2 dart slugs (D:4)
  6 orcs
  6 endoplasms
  3 giant cockroaches
  3 goblins
  4 hobgoblins
  2 jackals (D:4)
  8 kobolds
  4 quokkas
  3 ball pythons (D:1)
  7 bats
  4 frilled lizards
  A rat (D:2)
67 creatures vanquished.

Notes
Turn   | Place    | Note
-------+----------+-------------------------------------------
     0 | D:1      | Maxmaps the Octopode Shapeshifter began the quest for the
                  | Orb.
     0 | D:1      | Reached XP level 1. HP: 13/13 MP: 1/1
     0 | D:1      | Noticed a merfolk zombie
     6 | D:1      | Noticed a barachi
     7 | D:1      | Noticed a naga
    15 | D:1      | Noticed a gargoyle
    15 | D:1      | Noticed a barachi
   129 | D:1      | Reached XP level 2. HP: 18/18 MP: 2/2
   434 | D:1      | Reached XP level 3. HP: 20/23 MP: 3/3
   604 | D:2      | Reached skill level 4 in Shapeshifting
  1574 | D:3      | Found an ornate altar of the Wu Jian Council.
  2053 | D:4      | Reached XP level 4. HP: 24/28 MP: 4/4
  2083 | D:4      | Noticed Edmund
  2096 | D:4      | Killed Edmund
  2097 | D:4      | Reached skill level 5 in Shapeshifting
  2097 | D:4      | Reached XP level 5. HP: 20/33 MP: 0/5
  2415 | D:4      | Noticed a phantom
  2426 | D:4      | Killed a phantom
  2427 | D:4      | Reached skill level 6 in Shapeshifting
  2427 | D:4      | Reached XP level 6. HP: 28/38 MP: 6/6
  2641 | D:4      | Noticed Duvessa
  2641 | D:4      | Noticed Dowan
  2651 | D:4      | Killed Duvessa
  2655 | D:4      | Killed Dowan
  2656 | D:4      | Reached skill level 7 in Shapeshifting
  2791 | D:4      | Reached XP level 7. HP: 41/43 MP: 7/7
  3144 | D:5      | Entered Level 5 of the Dungeon
  3154 | D:5      | Found a staircase to the Ecumenical Temple.
  3159 | Temple   | Entered the Ecumenical Temple
  3182 | Temple   | Became a worshipper of Gozag Ym Sagoz the Greedy
  3386 | D:5      | Found a burning altar of Makhleb.
  3656 | D:5      | Splashed by a jelly's acid

Illustrated notes

Levels and vault maps discovered:
D:1:      shiori_arrival_whats_in_store_for_you, layout_basic, item_on_display_a
D:2:      layout_loops_corners
D:3:      layout_basic, lemuel_crystal_altar
D:4:      layout_loops_cross, minmay_misc_feat_square, minmay_fountain_box,
          uniq_duvessa, uniq_edmund
D:5:      layout_loops_ring, makhleb_grotto_becter,
          minmay_temple_entry_statues_pillars, chequers_ossuary_entry_cave,
          uniq_blork_the_orc
Temple:   eino_temple_rhombus

Skill      XL: |  1  2  3  4  5  6  7 |
---------------+----------------------+-----
Shapeshifting  | 4 5 6 7 |  7.1
Fighting       | 3 |  3.9
Dodging        | |  2.0
Unarmed Combat | |  3.0

Action                     |  1- 3 |  4- 6 |  7- 9 || total
---------------------------+-------+-------+-------++-------
  Melee: Unarmed           |    83 |    47 |    50 ||   180
         Constrict         |    17 |     8 |     9 ||    34
         Tentacles         |    13 |     8 |    11 ||    32
         Punch             |     1 |     2 |       ||     3
    Use: Potion            |       |     3 |       ||     3
         Scroll            |       |       |     8 ||     8
   Stab: Sleeping          |     2 |       |     2 ||     4
 Armour: Skin              |    32 |    35 |    34 ||   101
  Dodge: Dodged            |    57 |    15 |    24 ||    96

Table legend: (Time is in decaauts)
 A = Elapsed time spent in this place.
 B = Non-inter-level travel time spent in this place.
 C = Inter-level travel time spent in this place.
 D = Time resting spent in this place.
 E = Time spent auto-exploring this place.
 F = Levels seen in this place.
 G = Mean time per level.
                   A        B        C        D        E       F      G
               +--------+--------+--------+--------+--------+-----+--------+
         Total |   3652 |   3480 |    172 |    308 |   2627 |   6 |  608.7 |
       Dungeon |   3499 |   3359 |    140 |    195 |   2627 |   5 |  699.8 |
        Temple |    152 |    120 |     32 |    113 |      0 |   1 |  152.0 |
               +--------+--------+--------+--------+--------+-----+--------+

Top non-repeatable levels by time:
     D:4: 1165 daAuts
     D:2: 863 daAuts
     D:1: 583 daAuts
     D:3: 529 daAuts
     D:5: 357 daAuts
  Temple: 152 daAuts
